 Dungeon Crawl Stone Soup version 0.31-a0-1074-g0b22e4e0f1 (webtiles) character file.

Game seed: 4824474890563521525

935 Jeffwins the Changeling (level 7, -1/60 (76) HPs)
             Began as an Armataur Shapeshifter on Nov 26, 2023.
             Slain by a wight
             ... wielding a +0 spear
              (3 damage)
             ... on level 5 of the Dungeon.
             The game lasted 00:05:54 (4037 turns).

Jeffwins the Changeling (Armataur Shapeshifter)     Turns: 4037, Time: 00:05:55

HP:   -1/60 (76)    AC: 23    Str: 27    XL:     7   Next: 87%
MP:   7/7           EV:  1    Int: 18    God:
Gold: 315           SH:  0    Dex: 10    Spells: 6/6 levels left

rFire   . . .        t - +11 dagger "Wyriqybigo" {freeze, rElec Str+2 Stlth+}
rCold   . . .        (no shield)
rNeg    . . .        a - melded +0 robe {rF+}
rPois   +            (helmet currently unavailable)
rElec   +            (cloak currently unavailable)
rCorr   .            (gloves currently unavailable)
SInv    .            (no barding)
Will    +....        (no amulet)
Stlth   +++          I - +6 ring of intelligence
HPRegen 0.30/turn    S - +6 ring of strength
MPRegen 0.10/turn

%: roll
@: tree-form, enlightened, heavily drained
A: stationary, stasis, torment immunity, boosted hp, large, (deformed body),
(tough skin 3), (armoured tail), roll 2, long tongue
a: no special abilities


You were on level 5 of the Dungeon.
You were a tree.
You visited 2 branches of the dungeon, and saw 6 of its levels.
You also visited: Sewer.

You collected 315 gold pieces.


Innate Abilities, Weirdness & Mutations

You are a tree.
Your roots penetrate the ground, keeping you stationary.
You cannot be teleported.
You are immune to unholy pain and torment.
Your maximum health is greatly increased.
Your equipment is partially melded.
((Armour fits poorly on your strangely shaped body.))
((You have extremely tough skin. (AC +3)))
((You have a long armoured tail.))
You roll and regenerate health when moving toward enemies. (Rampage Heal)
Your long tongue fully drains potion bottles. (2x potion effects)


   Skills:
 - Level 0.8 Fighting
 * Level 4.5 Short Blades
 - Level 1.3 Dodging
 + Level 3.9 Stealth
 - Level 2.6 Unarmed Combat
 * Level 6.1 Shapeshifting


You had 6 spell levels left.
You didn't know any spells.
Your spell library contained the following spells:

 Spells                   Type           Power      Damage    Failure   Level
 Ensorcelled Hibernation  Hex/Ice        0%         N/A       32%         2
 Passwall                 Tmut/Erth      0%         N/A       32%         2
 Swiftness                Air            0%         N/A       54%         3

Inventory:

Hand Weapons
 t - the +11 dagger "Wyriqybigo" (weapon) {freeze, rElec Str+2 Stlth+}
   (You found it in a sewer)

   Str+2:     It affects your strength (+2).
   rElec:     It insulates you from electricity.
   Stlth+:    It makes you more stealthy.
Missiles
 m - 4 boomerangs
 q - 5 javelins
 B - a curare-tipped dart {=f}
Armour
 a - a +0 robe of fire resistance (melded)
Magical Staves
 A - a staff of cold
Jewellery
 I - a +6 ring of intelligence (left branch)
 L - a ring of flight
 S - a +6 ring of strength (right branch)
Talismans
 c - a beast talisman
 d - a flux talisman
 e - a serpent talisman
Wands
 x - a wand of polymorph (9)
Scrolls
 h - a scroll of amnesia {unknown}
 i - a scroll of fear
 l - 2 scrolls of immolation {unknown}
 n - a scroll of blinking {unknown}
 r - 3 scrolls of teleportation {@r4}
 u - a scroll of enchant weapon {unknown}
 w - 2 scrolls of revelation
 y - 2 scrolls of noise {unknown}
 z - a scroll of fog {unknown}
Potions
 b - 2 potions of lignification {!q}
 f - 3 potions of heal wounds {@q2}
 g - a potion of haste {unknown}
 j - a potion of mutation {unknown}
 k - a potion of magic {unknown}
 o - a potion of degeneration {unknown}
 p - a potion of resistance {unknown}
 s - a potion of curing {@q1}
 v - 2 potions of enlightenment
 C - a potion of invisibility {unknown}

Dungeon Overview and Level Annotations

Branches:
Dungeon (5/15)             Temple (1/1) D:5           Sewer (visited)

Altars:
Ashenzari
Dithmenos
Elyvilon
Fedhas
Hepliaklqana
Kikubaaqudgha
Makhleb
Nemelex Xobeh
Okawaru
Sif Muna
Trog
Uskayaw
Vehumet
Wu Jian
Yredelemnul
Zin
The Shining One

####### #.....#
#!.... #.... ....
#.. ...####.# .#
>......z#####.#
....###.♣...#.# #
#.###.#.# #†#
#.#.# #.# #.#.#
..# #...#
#.######..#
#.........#######
#.#######..##...#
##..#...#


You could see a wight.


Message History

You barely miss the wight.
Your tail-slap misses the wight.
The wight is heavily damaged.
The wight hits you from afar with a +0 spear.
* * * LOW HITPOINT WARNING * * *
The wight barely misses you.
You puncture the wight!
You destroy the wight!
The wight hits you from afar with a +0 spear.
* * * LOW HITPOINT WARNING * * *
You feel drained.
* * * LOW HITPOINT WARNING * * *
The wight hits you with a +0 spear.
* * * LOW HITPOINT WARNING * * *
Items here: )) [[.
You barely miss the wight. The wight hits you with a +0 spear.
* * * LOW HITPOINT WARNING * * *
Unknown command.
You closely miss the wight. The wight hits you with a +0 spear.
* * * LOW HITPOINT WARNING * * *
You feel drained.
Unknown command.
Your transformation has ended.
You turn into a tree.
Your +0 robe of fire resistance melds into your body.
You feel less resistant to fire.
Your roots penetrate the ground.
You slurp down every last drop of the potion of lignification {!q}!
The wight hits you with a +0 spear.
* * * LOW HITPOINT WARNING * * *
You feel drained.
You die...

Skill      XL: |  1  2  3  4  5  6  7 |
---------------+----------------------+-----
Shapeshifting  | 3 4 5 6 |  6.1
Short Blades   | 1 2 3 4 |  4.5
Stealth        | 1 2 3 |  3.9
Fighting       | |  0.8
Dodging        | |  1.3
Unarmed Combat | |  2.6

Action                     |  1- 3 |  4- 6 |  7- 9 || total
---------------------------+-------+-------+-------++-------
  Melee: Unarmed           |    72 |    19 |       ||    91
         Tailslap          |    12 |     3 |     3 ||    18
         Dagger            |       |    93 |    50 ||   143
         Punch             |       |     3 |     2 ||     5
    Use: Scroll            |     4 |       |       ||     4
         Potion            |       |       |     4 ||     4
   Stab: Sleeping          |     1 |    15 |       ||    16
 Armour: Animal skin       |     6 |       |       ||     6
         Robe              |    33 |    57 |    40 ||   130
         Skin              |       |    10 |     1 ||    11
  Dodge: Dodged            |    23 |    62 |    24 ||   109

Levels and vault maps discovered:
D:1:      lightli_arrival_statue_moat, layout_rooms
D:2:      layout_basic
D:3:      layout_basic, cheibrodos_sewer_entry_sluice, minmay_rat_hole,
          uniq_sigmund
D:4:      layout_loops_ring
D:5:      layout_basic, minmay_temple_entry_grid, nicolae_specific_store
Temple:   bh_familiar_temple

Notes
Turn   | Place    | Note
-------+----------+-------------------------------------------
     0 | D:1      | Jeffwins the Armataur Shapeshifter began the quest for the
                  | Orb.
     0 | D:1      | Reached XP level 1. HP: 15/15 MP: 1/1
   104 | D:1      | Reached skill level 3 in Shapeshifting
   305 | D:1      | Reached XP level 2. HP: 22/22 MP: 2/2
   590 | D:2      | Reached XP level 3. HP: 27/27 MP: 3/3
  1651 | D:3      | Found a glowing drain.
  1666 | D:3      | Reached skill level 4 in Shapeshifting
  1690 | Sewer    | Entered a sewer
  1736 | Sewer    | Reached XP level 4. HP: 25/34 MP: 4/4
  1787 | Sewer    | Identified the +11 dagger "Wyriqybigo" {freeze, rElec Str+2
                  | Stlth+}
  1898 | Sewer    | Reached skill level 1 in Short Blades
  2001 | Sewer    | Reached skill level 1 in Stealth
  2078 | D:3      | Reached XP level 5. HP: 39/39 MP: 5/5
  2080 | D:3      | Noticed Sigmund
  2097 | D:3      | Killed Sigmund
  2098 | D:3      | Reached skill level 2 in Short Blades
  2098 | D:3      | Reached skill level 2 in Stealth
  2098 | D:3      | Reached skill level 5 in Shapeshifting
  2098 | D:3      | Reached XP level 6. HP: 29/46 MP: 6/6
  3305 | D:4      | Reached skill level 3 in Short Blades
  3761 | D:5      | Entered Level 5 of the Dungeon
  3761 | D:5      | Found a staircase to the Ecumenical Temple.
  3768 | Temple   | Entered the Ecumenical Temple
  3775 | D:5      | Gained mutation: You roll and regenerate health when moving
                  | toward enemies. (Rampage Heal) [Armataur growth]
  3775 | D:5      | Reached XP level 7. HP: 50/51 MP: 7/7
  3785 | D:5      | Reached skill level 3 in Stealth
  3935 | D:5      | Reached skill level 4 in Short Blades
  4026 | D:5      | Reached skill level 6 in Shapeshifting
  4037 | D:5      | HP: 2/61 [wight/+0 spear (6)]
  4037 | D:5      | Slain by a wight

Vanquished Creatures
  Sigmund (D:3)
  An ogre (D:5)
  A phantom (D:5)
  A kobold brigand (D:5)
  2 wights (D:5)
  4 hounds
  A jelly (D:4)
  2 iguanas (D:5)
  10 adders
  4 river rats
  A white imp (D:5)
  4 worms
  A dart slug (D:4)
  2 orcs
  9 ball pythons
  7 bats
  6 endoplasms
  A giant cockroach (D:2)
  4 goblins
  A hobgoblin (D:3)
  3 jackals (D:1)
  4 quokkas
  7 frilled lizards
  12 kobolds
  32 rats
121 creatures vanquished.

Table legend: (Time is in decaauts)
 A = Elapsed time spent in this place.
 B = Non-inter-level travel time spent in this place.
 C = Inter-level travel time spent in this place.
 D = Time resting spent in this place.
 E = Time spent auto-exploring this place.
 F = Levels seen in this place.
 G = Mean time per level.
                   A        B        C        D        E       F      G
               +--------+--------+--------+--------+--------+-----+--------+
         Total |   4008 |   3840 |    168 |      0 |   3242 |   7 |  572.6 |
       Dungeon |   3686 |   3518 |    168 |      0 |   3002 |   5 |  737.2 |
        Temple |      1 |      1 |      0 |      0 |      0 |   1 |    1.0 |
         Sewer |    320 |    320 |      0 |      0 |    240 |   1 |  320.0 |
               +--------+--------+--------+--------+--------+-----+--------+

Top non-repeatable levels by time:
     D:3: 1145 daAuts
     D:2: 1048 daAuts
     D:4: 699 daAuts
     D:1: 531 daAuts
   Sewer: 320 daAuts
     D:5: 262 daAuts
  Temple: 1 daAuts

Table legend:
 A = Non-vault XP
 B = Vault XP
 C = Vault XP percentage of total XP
 D = Non-vault monster count
 E = Vault monster count
 F = Vault count percentage of total count
                 A         B        C        D         E       F
            +---------+---------+-------+---------+---------+-------
      Total |     962 |     375 |  28.0 |      72 |      49 |  40.5
            +---------+---------+-------+---------+---------+-------
        D:1 |      15 |       0 |   0.0 |       8 |       0 |   0.0
        D:2 |      46 |       0 |   0.0 |      18 |       0 |   0.0
        D:3 |      39 |     273 |  87.5 |      14 |      24 |  63.2
        D:4 |     166 |       0 |   0.0 |      12 |       0 |   0.0
        D:5 |     696 |       0 |   0.0 |      20 |       0 |   0.0
      Sewer |       0 |     102 | 100.0 |       0 |      25 | 100.0
            +---------+---------+-------+---------+---------+-------
